 Dungeon Crawl Stone Soup version 0.25-a0-251-g572059c536 (webtiles) character file.

Game seed: 12488708024942029815, levelgen mode: deterministic

14 MisterFreud the Vexing (level 2, 0/13 HPs)
             Began as a Felid Enchanter on Dec 4, 2019.
             Slain by a bat (1 damage)
             ... on level 1 of the Dungeon.
             The game lasted 00:03:42 (722 turns).

MisterFreud the Vexing (Felid Enchanter)             Turns: 722, Time: 00:03:43

Health: 0/13       AC:  1    Str:  2 (4)  XL:     2   Next: 27%
Magic:  1/6        EV: 17    Int: 15 (16) God:
Gold:   24         SH:  0    Dex: 13 (16) Spells: 2/5 levels left
                                        Lives:  0   Deaths: 0

rFire    . . .     SeeInvis +     - Unarmed
rCold    . . .     Gourm    .   (shield unavailable)
rNeg     . . .     Faith    .   (armour unavailable)
rPois    .         Spirit   .   (helmet unavailable)
rElec    .         Reflect  .   (cloak unavailable)
rCorr    .         Harm     .   (gloves unavailable)
MR       .....                  (boots unavailable)
Stlth    +++.......             (no amulet)
HPRegen  0.04/turn              (no ring)
MPRegen  0.10/turn              (no ring)

@: quick
A: very small, no armour, no weapons or thrown items, stealth, claws 1, fangs 3,
see invisible, carnivore, speed 1, shaggy fur 1, slow metabolism 1, sharp paws
a: no special abilities


You were on level 1 of the Dungeon.
You were completely stuffed.

You visited 1 branch of the dungeon, and saw 1 of its levels.

You collected 24 gold pieces.

Inventory:

Comestibles
 a - 3 chunks of flesh
 b - 2 rations


   Skills:
 + Level 2.0 Fighting
 - Level 2.6 Dodging
 - Level 4.0 Stealth
 - Level 1.0 Unarmed Combat
 - Level 2.0 Spellcasting
 - Level 4.4 Hexes


You had 2 spell levels left.
You knew the following spells:

 Your Spells              Type           Power        Failure   Level  Hunger
a - Corona                Hex            ##.....      3%          1    #......
b - Ensorcelled Hibernat  Hex/Ice        #.....       14%         2    ###....

Your spell library contained the following spells:

 Spells                   Type           Power        Failure   Level  Hunger
 Confuse                  Hex            ##......     11%         3    ###....
 Tukima's Dance           Hex            ##......     11%         3    ###....
 Dazzling Flash           Conj/Hex       #.....       26%         3    ###....


Dungeon Overview and Level Annotations

Branches:
Dungeon (1/15)

Altars:


Innate Abilities, Weirdness & Mutations

You cannot wear armour.
You are incapable of wielding weapons or throwing items.
Your paws allow you to move quietly. (Stealth)
You have sharp claws.
You have razor-sharp teeth.
You have supernaturally acute eyesight. (SInv)
You are carnivorous and can eat meat at any time.
You cover ground quickly.
You are covered in fur. (AC +1)
You have a slow metabolism.
Your sharp claws are effective at attacking unaware monsters.


Message History

Aim: a bat (chance to defeat MR: 68%)
The bat is outlined in light.
The bat barely misses you. The bat barely misses you.
The bat hits you but does no damage.
You scratch the bat.
The bat is heavily wounded.
The bat closely misses you.
You start resting.
The bat is too close now for your liking.
The bat barely misses you. The bat hits you but does no damage.
You barely miss the bat.
The bat is moderately wounded.
The bat stops glowing.
The bat hits you.
* * * LOW HITPOINT WARNING * * *
You scratch the bat but do no damage.
The bat is moderately wounded.
The bat closely misses you. The bat hits you.
* * * LOW HITPOINT WARNING * * *
The bat hits you.
You die...

≈.≈.≈...P....###.........#.#
.≈.....P≈.....###..g..%....#
...P≈....PP...###...g.####.#
.PP.P..P.......##.....# ..
...............######.#.##.#
..≈≈.......##..............#
..P≈≈.P....###...###....##.#
..........## ##.b.......+
...≈....### ##@.##....#
....##### #..##...... #..##
#..##.###### #### #..##+#
#..# ####


You could see a bat.

Vanquished Creatures
  A dart slug (D:1)
  A bat (D:1)
  A giant cockroach (D:1)
  4 hobgoblins (D:1)
  A kobold (D:1)
  A frilled lizard (D:1)
  A rat (D:1)
10 creatures vanquished.

Notes
Turn   | Place    | Note
-------+----------+-------------------------------------------
     0 | D:1      | MisterFreud the Felid Enchanter began the quest for the
                  | Orb.
     0 | D:1      | Reached XP level 1. HP: 7/7 MP: 4/4
   110 | D:1      | Reached skill level 1 in Fighting
   441 | D:1      | Reached XP level 2. HP: 13/13 MP: 6/6
   457 | D:1      | Learned a level 2 spell: Ensorcelled Hibernation
   722 | D:1      | Slain by a bat

Levels and vault maps discovered:
D:1:      lemuel_arrival_muddy, layout_basic, minivault_11,
          grunt_decor_mini_mirrors

Skill      XL: |  1  2 |
---------------+-------+-----
Fighting       | 1 2 |  2.0
Dodging        | |  2.6
Stealth        | |  4.0
Unarmed Combat | |  1.0
Spellcasting   | |  2.0
Hexes          | |  4.4

Action                   || total
-------------------------++-------
Melee: Unarmed           ||    54
       Bite              ||     5
 Cast: Corona            ||    12
       Ensorcelled Hiber ||     3
  Use: Potion            ||     1
 Stab: Sleeping          ||     2
  Eat: Chunk             ||     7
Armor: Skin              ||     8
Dodge: Dodged            ||    78

Table legend:
 A = Non-vault XP
 B = Vault XP
 C = Vault XP percentage of total XP
 D = Non-vault monster count
 E = Vault monster count
 F = Vault count percentage of total count
                 A         B        C        D         E       F
            +---------+---------+-------+---------+---------+-------
      Total |      20 |       0 |   0.0 |      10 |       0 |   0.0
            +---------+---------+-------+---------+---------+-------
        D:1 |      20 |       0 |   0.0 |      10 |       0 |   0.0
            +---------+---------+-------+---------+---------+-------
